 Dungeon Crawl Stone Soup version 0.23.2-1-ga50397a6bc (webtiles) character file.

Game seed: 11882601861667812240

4029 FluffierThanThou the Cleaver (level 10, -2/88 HPs)
             Began as a Minotaur Fighter on May 21, 2019.
             Was an Elder of Okawaru.
             Slain by an unseen horror (3 damage)
             ... on level 9 of the Dungeon.
             The game lasted 00:14:07 (6975 turns).

FluffierThanThou the Cleaver (Minotaur Fighter)     Turns: 6975, Time: 00:14:07

Health: -2/88      AC: 12    Str: 29    XL:     10   Next: 4%
Magic:  10/12      EV: 10    Int:  5    God:    Okawaru [****..]
Gold:   388        SH: 25    Dex: 10    Spells: 9/9 levels left

rFire    . . .     SeeInvis .   a - +0 war axe
rCold    + . .     Gourm    .   A - +0 large shield (curse)
rNeg     . . .     Faith    .   b - +0 scale mail
rPois    +         Spirit   .   (helmet restricted)
rElec    .         Reflect  +   w - +0 cloak
rCorr    .         Harm     .   (no gloves)
MR       .....                  B - +0 pair of boots
Stlth    +.........             C - +5 amulet of reflection
HPRegen  0.24/turn              j - ring of poison resistance
MPRegen  0.13/turn              p - ring of protection from cold

@: mighty, heroism, marked
A: retaliatory headbutt, horns 2
a: Heroism, Renounce Religion


You were on level 9 of the Dungeon.
You worshipped Okawaru.
Okawaru was greatly pleased with you.
You were not hungry.

You visited 2 branches of the dungeon, and saw 10 of its levels.

You collected 388 gold pieces.

Inventory:

Hand Weapons
 a - a +0 war axe (weapon)
Armour
 b - a +0 scale mail (worn)
 c - a +0 shield
 w - a +0 cloak (worn)
 A - a cursed +0 large shield (worn)
 B - a +0 pair of boots (worn)
Jewellery
 j - a ring of poison resistance (left hand)
 k - an uncursed amulet of the gourmand
 p - a ring of protection from cold (right hand)
 y - an uncursed ring of ice
 C - a +5 amulet of reflection (around neck)
Wands
 z - a wand of polymorph (5)
 D - a wand of random effects (25)
 E - a wand of flame (19)
Scrolls
 e - 5 scrolls of amnesia {unknown}
 g - a scroll of immolation {unknown}
 m - 11 scrolls of identify
 o - 3 scrolls of remove curse {unknown}
 q - 2 scrolls of fear {unknown}
 r - 3 scrolls of teleportation {unknown}
 s - a scroll of enchant weapon {unknown}
 t - 3 scrolls of enchant armour {unknown}
 u - 3 scrolls of fog {unknown}
 x - 2 scrolls of blinking {unknown}
Potions
 h - 2 potions of agility {unknown}
 i - 3 potions of haste {unknown}
 l - 2 potions of flight {unknown}
 n - 2 potions of curing {unknown}
 v - 3 potions of heal wounds {unknown}
Comestibles
 f - 19 rations
 F - 2 chunks of flesh


   Skills:
 + Level 8.2(13.2) Fighting
 * Level 10.7(15.7) Axes
 + Level 8.2(13.2) Armour
 + Level 8.2(13.2) Shields
 + Level 4.2 Invocations


You had 9 spell levels left.
You didn't know any spells.
Your spell library was empty.

Dungeon Overview and Level Annotations

Branches:
Dungeon (9/15)             Temple (1/1) D:7
   Lair: D:8-11         Orc: D:9-12

Altars:
Ashenzari
Cheibriados
Dithmenos
Elyvilon
Fedhas
Gozag
Hepliaklqana
Kikubaaqudgha
Makhleb
Nemelex Xobeh
Okawaru
Qazlal
Ru
Sif Muna
Trog
Uskayaw
Vehumet
Wu Jian
Xom
Yredelemnul
Zin
The Shining One


Innate Abilities, Weirdness & Mutations

You reflexively headbutt those who attack you in melee.
You have a pair of horns on your head.


Message History

The orc warrior hits you with a +0 broad axe!
You block something's attack. You block the water moccasin's attack.
An orc comes into view. It is wielding a +0 hand axe.
Something hits you.
You are too injured to fight recklessly!
You are too injured to fight recklessly!
You feel very mighty all of a sudden. Something hits you.
You block something's attack. You block the orc warrior's attack.
You block the water moccasin's attack. Something hits you!
You gain the combat prowess of a mighty hero.
Something hits you!
* * * LOW HITPOINT WARNING * * *
You block the water moccasin's attack. You block something's attack.
The orc warrior hits you with a +0 broad axe!!
* * * LOW HITPOINT WARNING * * *
An orc comes into view. It is wielding a +0 hand axe.
The water moccasin completely misses you.
You furiously retaliate!
You headbutt the water moccasin! Something hits you.
You die...

..o.. ..... #....
....# .##.... ....##
.......##......
.o...........
.....Fsol..#
.....o{Soh.#
############@####..
#.........).........
#.........).........
#..<...........#####
#..)..)........#
#..(...##......#
#......##......+
.(...............#
.(............)...#


You could see a warg, an orc warrior, a water moccasin, a wyvern, a bullfrog, a
scorpion and 4 orcs.

Vanquished Creatures
  A hornet (D:9)
  A human (D:7)
  4 hogs (D:7)
  2 black bears
  2 orc warriors
  2 ogres (D:8)
  2 phantoms (D:5)
  A necrophage (D:6)
  2 centaurs
  A big kobold (D:9)
  5 bullfrogs
  A scorpion (D:6)
  9 wights (D:8)
  2 howler monkeys
  A centaur zombie (D:8)
  2 jellies
  5 hounds
  4 orc priests
  A bullfrog skeleton (D:7)
  A centaur skeleton (D:6)
  2 iguanas
  6 orc wizards
  4 worker ants
  A mummy (D:8)
  A howler monkey zombie (D:6)
  2 worker ant zombies
  13 gnolls
  9 adders
  A shadow imp (D:8)
  3 oozes
  An adder zombie (D:5)
  3 worms
  3 dart slugs
  5 leopard geckos
  22 orcs
  3 bats
  6 giant cockroaches
  11 goblins
  9 hobgoblins
  7 jackals
  9 kobolds
  3 quokkas
  4 frilled lizards
  A leopard gecko zombie (D:5)
  8 rats
186 creatures vanquished.

Vanquished Creatures (others)
  2 centaurs (D:8)
2 creatures vanquished.

Grand Total: 188 creatures vanquished

Notes
Turn   | Place    | Note
-------+----------+-------------------------------------------
     0 | D:1      | FluffierThanThou the Minotaur Fighter began the quest for
                  | the Orb.
     0 | D:1      | Reached XP level 1. HP: 19/19 MP: 0/0
   110 | D:1      | Reached XP level 2. HP: 24/27 MP: 1/1
   146 | D:1      | Reached skill level 3 in Axes
   305 | D:1      | Reached XP level 3. HP: 33/33 MP: 2/2
   610 | D:2      | Found an iron altar of Okawaru.
   610 | D:2      | Found a blossoming altar of Fedhas.
   616 | D:2      | Found a faded altar of an unknown god.
   618 | D:2      | Became a worshipper of Warmaster Okawaru
   621 | D:2      | Found a hazy altar of Hepliaklqana.
   623 | D:2      | Found a sparkling altar of Nemelex Xobeh.
  1249 | D:3      | Reached XP level 4. HP: 38/40 MP: 3/3
  1262 | D:3      | Reached skill level 4 in Axes
  1630 | D:3      | Reached XP level 5. HP: 43/47 MP: 4/4
  1883 | D:4      | Found a burning altar of Makhleb.
  2320 | D:4      | Reached skill level 5 in Axes
  2867 | D:5      | Entered Level 5 of the Dungeon
  2896 | D:5      | Reached XP level 6. HP: 46/55 MP: 5/5
  2954 | D:5      | Reached * piety under Okawaru
  2954 | D:5      | Reached skill level 5 in Armour
  3011 | D:5      | Reached skill level 5 in Shields
  3063 | D:5      | Reached skill level 5 in Fighting
  3342 | D:5      | Reached skill level 6 in Axes
  3342 | D:5      | Reached XP level 7. HP: 27/61 MP: 6/6
  3781 | D:6      | Reached ** piety under Okawaru
  3920 | D:6      | Reached skill level 7 in Axes
  3961 | D:6      | Reached XP level 8. HP: 24/70 MP: 4/7
  4187 | D:6      | Reached skill level 8 in Axes
  4187 | D:6      | Reached skill level 1 in Invocations
  4733 | D:6      | Found a glowing golden altar of the Shining One.
  5304 | D:7      | Found a staircase to the Ecumenical Temple.
  5313 | Temple   | Entered the Ecumenical Temple
  5792 | D:7      | Reached skill level 9 in Axes
  5792 | D:7      | Reached XP level 9. HP: 57/79 MP: 7/9
  5794 | D:7      | Reached *** piety under Okawaru
  6233 | D:8      | Reached skill level 10 in Axes
  6267 | D:8      | Reached **** piety under Okawaru
  6533 | D:8      | Found a snail-covered altar of Cheibriados.
  6967 | D:9      | Reached XP level 10. HP: 67/88 MP: 12/12
  6975 | D:9      | HP: 1/88 [orc warrior/+0 broad axe (19)]
  6975 | D:9      | Slain by an unseen horror

Skill      XL: |  1  2  3  4  5  6  7  8  9 |
---------------+----------------------------+-----
Axes           | 3 4 5 6 7 9 10 | 10.7
Armour         | 4 5 6 7 8 |  8.2
Fighting       | 4 5 6 7 8 |  8.2
Shields        | 4 5 6 7 8 |  8.2
Invocations    | 2 4 |  4.2

Action                   |  1- 3 |  4- 6 |  7- 9 | 10-12 || total
-------------------------+-------+-------+-------+-------++-------
Melee: War axe           |    93 |   152 |   308 |     6 ||   559
       Headbutt          |    11 |    18 |    59 |       ||    88
Invok: Heroism           |       |       |     5 |     1 ||     6
  Use: Potion            |       |       |     1 |     1 ||     2
       Scroll            |       |       |     1 |       ||     1
 Stab: Distracted        |       |       |     1 |       ||     1
  Eat: Chunk             |       |     5 |     5 |       ||    10
       Ration            |       |     1 |     2 |       ||     3
Armor: Scale mail        |    40 |    40 |    70 |       ||   150
Dodge: Dodged            |    30 |    44 |    63 |     2 ||   139
Block: Shield            |    48 |    71 |    65 |       ||   184
       Large shield      |       |       |   195 |    20 ||   215
       Reflection        |       |       |    10 |       ||    10
